APP
BLUEFIELD BLUE JAYS @ GREENEVILLE ASTROS
08/29/2099
 
TOP OF THE 1ST
Bluefield Blue Jays batting - Pitching for Greeneville Astros : RHP Mario Torres
Pitching: RHP Mario Torres
Batting: LHB Bobby Howell 0-0: Ball
1-0: Ground out 4-3 (Groundball, 4, EV 101.3 MPH)
Batting: RHB Jorge de la Mora 0-0: Called Strike
0-1: Ball
1-1: Called Strike
1-2: Ball
2-2: Foul Ball, location: 2F
2-2: Strikes out looking
Batting: RHB Hector Contreras 0-0: Called Strike
0-1: Ball
1-1: Fly out, F7 (Flyball, 7S, EV 71.9 MPH)
Top of the 1st over - 0 runs, 0 hits, 0 errors, 0 left on base; Bluefield 0 - Greeneville 0
BOTTOM OF THE 1ST
Greeneville Astros batting - Pitching for Bluefield Blue Jays : LHP Tai sun Wang
Pitching: LHP Tai sun Wang
Batting: RHB Joe Kauppinen 0-0: Foul Ball, location: 9LMF
0-1: SINGLE (Line Drive, 6M, EV 97.5 MPH)
Batting: RHB Alejandro Padilla 0-0: Ball
1-0: Reached on error, E6 (Groundball, 6, EV 83.1 MPH)
Joe Kauppinen to second
Batting: RHB Jeremy Allen 0-0: Ball
1-0: Ball
Wild Pitch!
Joe Kauppinen to third
Alejandro Padilla to second
2-0: Called Strike
2-1: Foul Ball, location: 2F
2-2: Fly out, F8 (Flyball, 89D, EV 108.8 MPH)
Runner from 3rd tags up, SCORES, throw by CF
Alejandro Padilla to third
Batting: RHB Anacleto Olsen 0-0: Fly out, F7 (Line Drive, 78M, EV 94.4 MPH)
Runner from 3rd tags up, SCORES, throw by LF
Batting: LHB Wilfredo Carballosa 0-0: Ball
1-0: Foul Ball, location: 5DF
1-1: Ball
2-1: Foul Ball, location: 9LDF
2-2: Ball
3-2: Fly out, F9 (Flyball, 9LMF, EV 87.5 MPH)
Bottom of the 1st over - 2 runs, 1 hit, 1 error, 0 left on base; Bluefield 0 - Greeneville 2
TOP OF THE 2ND
Bluefield Blue Jays batting - Pitching for Greeneville Astros : RHP Mario Torres
Batting: RHB Guillermo Naranjo 0-0: Ball
1-0: Swinging Strike
1-1: Ball
2-1: TRIPLE (Line Drive, 78XD, EV 110.0 MPH)
Batting: RHB Gabriel Puga 0-0: Ball
1-0: Swinging Strike
1-1: Called Strike
1-2: Ball
2-2: Foul Ball, location: 2F
2-2: Ball
3-2: Base on Balls
Batting: RHB Cherles Vinhs 0-0: Foul Ball, location: 2F
0-1: Ball
1-1: Swinging Strike
1-2: Ball
2-2: Ball
3-2: Fly out, F3 (Popup, 23, EV 82.5 MPH)
Batting: RHB Kyle Cole 0-0: Ball
1-0: Foul Ball, location: 2F
1-1: Foul Ball, location: 3F
1-2: Ball
2-2: Ball
3-2: SINGLE (Line Drive, 34D, EV 98.1 MPH)
Guillermo Naranjo scores
Gabriel Puga to second
Runner from 2nd tries for 3rd, SAFE, no throw by RF
Batting: RHB Adrian Evans 0-0: Swinging Strike
0-1: Swinging Strike
0-2: Strikes out swinging
Batting: RHB Lance Box 0-0: Called Strike
0-1: DOUBLE (Groundball, 5L, EV 106.9 MPH)
Gabriel Puga scores
Kyle Cole to third
Runner from 3rd tries for Home, SAFE, no throw by LF
Batting: LHB Bobby Howell 0-0: Called Strike
0-1: Foul Ball, location: 23F
0-2: Ball
1-2: Ground out 4-3 (Groundball, 4, EV 81.3 MPH)
Top of the 2nd over - 3 runs, 3 hits, 0 errors, 1 left on base; Bluefield 3 - Greeneville 2
BOTTOM OF THE 2ND
Greeneville Astros batting - Pitching for Bluefield Blue Jays : LHP Tai sun Wang
Batting: LHB Raul Bonilla 0-0: Ball
1-0: Ball
2-0: Called Strike
2-1: Ball
3-1: Called Strike
3-2: Foul Ball, location: 5SF
3-2: Ground out 4-3 (Groundball, 4, EV 88.1 MPH)
Batting: LHB Tim Russell 0-0: DOUBLE (Line Drive, 89D, EV 104.4 MPH)
Batting: LHB Wilfredo Ferrer 0-0: Called Strike
0-1: Swinging Strike
0-2: Strikes out swinging
Batting: RHB Jon Woods 0-0: Fly out, F7 (Line Drive, 7LM, EV 105.0 MPH)
Bottom of the 2nd over - 0 runs, 1 hit, 0 errors, 1 left on base; Bluefield 3 - Greeneville 2
TOP OF THE 3RD
Bluefield Blue Jays batting - Pitching for Greeneville Astros : RHP Mario Torres
Batting: RHB Jorge de la Mora 0-0: Called Strike
0-1: Fly out, F6 (Popup, 4MD, EV 48.8 MPH)
Batting: RHB Hector Contreras 0-0: Called Strike
0-1: Ball
1-1: Fly out, F8 (Flyball, 8LD, EV 95.0 MPH)
Batting: RHB Guillermo Naranjo 0-0: Ball
1-0: DOUBLE (Flyball, 8RXD, EV 110.0 MPH)
Batting: RHB Gabriel Puga 0-0: Swinging Strike
0-1: Foul Ball, location: 2F
0-2: Ball
1-2: Foul Ball, location: 5FF
1-2: Ground out 5-3 (Groundball, 5, EV 103.8 MPH)
Top of the 3rd over - 0 runs, 1 hit, 0 errors, 1 left on base; Bluefield 3 - Greeneville 2
BOTTOM OF THE 3RD
Greeneville Astros batting - Pitching for Bluefield Blue Jays : LHP Tai sun Wang
Batting: RHB Joe Kauppinen 0-0: Ball
1-0: Ball
2-0: Swinging Strike
2-1: Fly out, F3 (Popup, 3SF, EV 64.4 MPH)
Batting: RHB Alejandro Padilla 0-0: DOUBLE (Line Drive, 9LS, EV 99.4 MPH)
Batting: RHB Jeremy Allen 0-0: Ball
1-0: Called Strike
1-1: Foul Ball, location: 9LMF
1-2: Foul Ball, location: 9LMF
1-2: Fly out, F9 (Flyball, 9D, EV 110.0 MPH)
Runner from 2nd tags up, SAFE at 3rd, no throw by RF
Batting: RHB Anacleto Olsen 0-0: Called Strike
0-1: SINGLE (Line Drive, 7LS, EV 88.8 MPH)
Alejandro Padilla scores
Batting: LHB Wilfredo Carballosa 0-0: Ball
1-0: Foul Ball, location: 23F
1-1: Ground out 4-3 (Groundball, 4, EV 83.1 MPH)
Bottom of the 3rd over - 1 run, 2 hits, 0 errors, 1 left on base; Bluefield 3 - Greeneville 3
TOP OF THE 4TH
Bluefield Blue Jays batting - Pitching for Greeneville Astros : RHP Mario Torres
Batting: RHB Cherles Vinhs 0-0: Foul Ball, location: 3FF
0-1: Ball
1-1: Ball
2-1: Foul Ball, location: 2F
2-2: Ball
3-2: SINGLE (Line Drive, 89S, EV 106.9 MPH)
Batting: RHB Kyle Cole 0-0: Ball
1-0: Ball
2-0: Foul Ball, location: 2F
2-1: Bunt missed!
2-2: SINGLE (Groundball, 6MD, EV 108.1 MPH)
Cherles Vinhs to second
Batting: RHB Adrian Evans 0-0: Called Strike
0-1: Foul Ball, location: 2F
0-2: Ball
1-2: Strikes out looking
Batting: RHB Lance Box 0-0: Ball
1-0: Ball
2-0: Ball
3-0: Base on Balls
Cherles Vinhs to third
Kyle Cole to second
Pitching: RHP Danny Servin
Batting: LHB Bobby Howell 0-0: Ball
1-0: Swinging Strike
1-1: Ball
2-1: Ball
3-1: Grounds into double play, U3-6 (Groundball, 3L, EV 85.0 MPH)
Top of the 4th over - 0 runs, 2 hits, 0 errors, 2 left on base; Bluefield 3 - Greeneville 3
BOTTOM OF THE 4TH
Greeneville Astros batting - Pitching for Bluefield Blue Jays : LHP Tai sun Wang
Batting: LHB Raul Bonilla 0-0: Called Strike
0-1: Ball
1-1: Fly out, F9 (Line Drive, 9, EV 90.6 MPH)
Batting: LHB Tim Russell 0-0: Ground out 4-3 (Groundball, 4M, EV 88.8 MPH)
Batting: LHB Wilfredo Ferrer 0-0: Ground out 4-3 (Groundball, 4, EV 106.9 MPH)
Bottom of the 4th over - 0 runs, 0 hits, 0 errors, 0 left on base; Bluefield 3 - Greeneville 3
TOP OF THE 5TH
Bluefield Blue Jays batting - Pitching for Greeneville Astros : RHP Danny Servin
Batting: RHB Jorge de la Mora 0-0: Ball
1-0: Ball
2-0: Called Strike
2-1: Ball
3-1: Ground out 6-3 (Groundball, 56, EV 109.4 MPH)
Batting: RHB Hector Contreras 0-0: Called Strike
0-1: Foul Ball, location: 2F
0-2: Ball
1-2: Fly out, F7 (Flyball, 7S, EV 85.0 MPH)
Batting: RHB Guillermo Naranjo 0-0: Ball
1-0: Called Strike
1-1: Called Strike
1-2: Ball
2-2: Foul Ball, location: 23F
2-2: Ground out 5-3 (Groundball, 5, EV 80.6 MPH)
Top of the 5th over - 0 runs, 0 hits, 0 errors, 0 left on base; Bluefield 3 - Greeneville 3
BOTTOM OF THE 5TH
Greeneville Astros batting - Pitching for Bluefield Blue Jays : LHP Tai sun Wang
Batting: RHB Jon Woods 0-0: Foul Ball, location: 3FF
0-1: Called Strike
0-2: Ball
1-2: Ball
2-2: Foul Ball, location: 2RF
2-2: Ball
3-2: Strikes out swinging
Batting: RHB Joe Kauppinen 0-0: Called Strike
0-1: Ball
1-1: Ball
2-1: Ball
3-1: Foul Ball, location: 2F
3-2: SINGLE (Line Drive, 7LS, EV 102.5 MPH)
Batting: RHB Alejandro Padilla 0-0: Ball
1-0: Ball
2-0: Called Strike
2-1: Foul Ball, location: 2F
2-2: Fielders Choice at 2nd, 4-6 (Groundball, 4MD, EV 92.5 MPH)
Batting: RHB Jeremy Allen 0-0: Ball
1-0: Called Strike
1-1: Foul Ball, location: 3FF
1-2: Ball
2-2: SINGLE (Line Drive, 9LS, EV 86.9 MPH)
Alejandro Padilla to second
Runner from 2nd tries for 3rd, SAFE, throw by RF made to third
Batting: RHB Anacleto Olsen 0-0: Ball
1-0: Foul Ball, location: 3DF
1-1: Ball
2-1: Ball
3-1: Base on Balls
Jeremy Allen to second
Pitching: RHP Jason Callicutt
Batting: LHB Wilfredo Carballosa 0-0: Ball
1-0: Called Strike
1-1: Foul Ball, location: 25F
1-2: Foul Ball, location: 2F
1-2: Foul Ball, location: 9LMF
1-2: Ground out 4-3 (Groundball, 4, EV 102.5 MPH)
Bottom of the 5th over - 0 runs, 2 hits, 0 errors, 3 left on base; Bluefield 3 - Greeneville 3
TOP OF THE 6TH
Bluefield Blue Jays batting - Pitching for Greeneville Astros : RHP Danny Servin
Batting: RHB Gabriel Puga 0-0: Ball
1-0: Foul Ball, location: 23F
1-1: Ball
2-1: Ball
3-1: DOUBLE (Flyball, 8RXD, EV 101.9 MPH)
Batting: RHB Cherles Vinhs 0-0: Intentional Walk
Batting: RHB Kyle Cole 0-0: Ball
1-0: Swinging Strike
1-1: Ball
2-1: Fly out, F8 (Flyball, 78S, EV 96.3 MPH)
Batting: RHB Adrian Evans 0-0: Grounds into double play, 6-4-3 (Groundball, 6, EV 85.6 MPH)
Top of the 6th over - 0 runs, 1 hit, 0 errors, 1 left on base; Bluefield 3 - Greeneville 3
BOTTOM OF THE 6TH
Greeneville Astros batting - Pitching for Bluefield Blue Jays : RHP Jason Callicutt
Pinch Hitting: RHB Josue Chavarria 0-0: Called Strike
0-1: SINGLE (Groundball, 6MD, EV 109.4 MPH)
Batting: LHB Tim Russell
Pinch Hitting: RHB Brad Kidd 0-0: Ground out 6-3 (Groundball, 6MD, EV 99.4 MPH)
Josue Chavarria to second
Batting: RHB Danny Saenz 0-0: Ball
1-0: Called Strike
1-1: Ball
2-1: Swinging Strike
2-2: Ball
3-2: Base on Balls
Batting: RHB Jon Woods 0-0: Fielders Choice at 2nd, 2-4 (Groundball, 2L, EV 71.3 MPH)
Josue Chavarria to third
Batting: RHB Joe Kauppinen 0-0: Ball
1-0: Foul Ball, location: 2F
1-1: Ball
2-1: Swinging Strike
2-2: Ball
3-2: Base on Balls
Jon Woods to second
Pinch Hitting: LHB Danny Colavita 0-0: Ball
1-0: Swinging Strike
1-1: Ball
2-1: Foul Ball, location: 3F
2-2: Foul Ball, location: 25F
2-2: Ball
3-2: Fly out, F8 (Flyball, 89M, EV 96.9 MPH)
Bottom of the 6th over - 0 runs, 1 hit, 0 errors, 3 left on base; Bluefield 3 - Greeneville 3
TOP OF THE 7TH
Bluefield Blue Jays batting - Pitching for Greeneville Astros : RHP Danny Servin
Now at 1B: Danny Colavita
Now at 3B: Jeremy Allen
Now at SS: Jimmy McCoy
Now in RF: Ricardo Bocanegra
Batting: RHB Lance Box 0-0: Called Strike
0-1: Ball
1-1: Foul Ball, location: 9LMF
1-2: Ball
2-2: Strikes out swinging
Batting: LHB Bobby Howell 0-0: Swinging Strike
0-1: Swinging Strike
0-2: Strikes out looking
Batting: RHB Jorge de la Mora 0-0: Fly out, F8 (Flyball, 8LM, EV 99.4 MPH)
Top of the 7th over - 0 runs, 0 hits, 0 errors, 0 left on base; Bluefield 3 - Greeneville 3
BOTTOM OF THE 7TH
Greeneville Astros batting - Pitching for Bluefield Blue Jays : RHP Jason Callicutt
Batting: RHB Jeremy Allen 0-0: Foul Ball, location: 7LDF
0-1: Ball
1-1: Ball
2-1: Ball
3-1: Base on Balls
Batting: RHB Anacleto Olsen 0-0: Ball
1-0: DOUBLE (Line Drive, 89M, EV 98.8 MPH)
Jeremy Allen to third
Pitching: RHP Victor Castaneda
Batting: LHB Wilfredo Carballosa 0-0: Ball
1-0: Ball
2-0: Foul Ball, location: 25FF
2-1: Swinging Strike
2-2: Ball
3-2: Base on Balls
Batting: LHB Ricardo Bocanegra 0-0: Ball
1-0: Swinging Strike
1-1: Grounds into fielders choice 4-2 (Groundball, 4, EV 83.1 MPH)
Anacleto Olsen to third
Wilfredo Carballosa to second
Pinch Hitting: LHB Bobby Vogt 0-0: Called Strike
0-1: Foul Ball, location: 2F
0-2: Ball
1-2: Grounds into fielders choice 3-2 (Groundball, 3, EV 81.3 MPH)
Wilfredo Carballosa to third
Ricardo Bocanegra to second
Batting: RHB Danny Saenz 0-0: Foul Ball, location: 2F
0-1: Swinging Strike
0-2: Ground out 4-3 (Groundball, 34, EV 78.1 MPH)
Bottom of the 7th over - 0 runs, 1 hit, 0 errors, 3 left on base; Bluefield 3 - Greeneville 3
TOP OF THE 8TH
Bluefield Blue Jays batting - Pitching for Greeneville Astros : RHP Danny Servin
Pitching: RHP Ryan Cohen
Now at SS: Bobby Hernandez
Batting: RHB Hector Contreras 0-0: Ball
1-0: Foul Ball, location: 5F
1-1: Ball
2-1: Fly out, F6 (Line Drive, 6, EV 71.9 MPH)
Batting: RHB Guillermo Naranjo 0-0: Ball
1-0: Ground out 5-3 (Groundball, 5, EV 89.4 MPH)
Batting: RHB Gabriel Puga 0-0: Called Strike
0-1: Swinging Strike
0-2: Ground out 5-3 (Groundball, 56, EV 103.1 MPH)
Top of the 8th over - 0 runs, 0 hits, 0 errors, 0 left on base; Bluefield 3 - Greeneville 3
BOTTOM OF THE 8TH
Greeneville Astros batting - Pitching for Bluefield Blue Jays : RHP Victor Castaneda
Pitching: RHP Victor Gilbert
Pinch Hitting: SHB Michael Wright 0-0: Called Strike
0-1: Called Strike
0-2: Ball
1-2: Ball
2-2: Strikes out swinging passed ball, reaches first!
Batting: RHB Joe Kauppinen 0-0: Called Strike
0-1: Ball
1-1: Called Strike
1-2: Ball
2-2: Ball
3-2: Strikes out swinging
Batting: LHB Danny Colavita 0-0: Ball
1-0: DOUBLE (Flyball, 8RXD, EV 100.0 MPH)
Michael Wright to third
Batting: RHB Jeremy Allen 0-0: Intentional Walk
Batting: RHB Anacleto Olsen 0-0: Called Strike
0-1: DOUBLE (Line Drive, 7LM, EV 108.8 MPH)
Michael Wright scores
Danny Colavita scores
Jeremy Allen to third
Batting: LHB Wilfredo Carballosa 0-0: Ball
1-0: Fly out, F7 (Flyball, 7LSF, EV 98.1 MPH)
Runner from 3rd tags up, SCORES, throw by LF
Batting: LHB Ricardo Bocanegra 0-0: Called Strike
0-1: Foul Ball, location: 2RF
0-2: Ball
1-2: Foul Ball, location: 7LDF
1-2: Ball
2-2: Fly out, F9 (Flyball, 9D, EV 106.3 MPH)
Bottom of the 8th over - 3 runs, 2 hits, 0 errors, 1 left on base; Bluefield 3 - Greeneville 6
TOP OF THE 9TH
Bluefield Blue Jays batting - Pitching for Greeneville Astros : RHP Ryan Cohen
Now at 1B: Dwayne Peaks
Now in LF: Mike Martin
Now in CF: Allen Feltman
Batting: RHB Cherles Vinhs 0-0: Ball
1-0: Called Strike
1-1: Ball
2-1: Foul Ball, location: 2F
2-2: Strikes out looking
Pinch Hitting: LHB Mario Rosario 0-0: Called Strike
0-1: Ball
1-1: Swinging Strike
1-2: Strikes out swinging
Pitching: LHP Mike Bowen
Now in LF: Matt Robert
Now in CF: Mike Martin
Now in RF: Allen Feltman
Pinch Hitting: RHB Alex Williams 0-0: DOUBLE (Line Drive, 89D, EV 106.9 MPH)
Pinch Hitting: RHB Willie Bayon 0-0: Foul Ball, location: 9LMFF
0-1: Foul Ball, location: 3FF
0-2: Strikes out looking
Top of the 9th over - 0 runs, 1 hit, 0 errors, 1 left on base; Bluefield 3 - Greeneville 6
Thursday, May 16th , 2024 - OOTP Baseball 24.11 Build 85